 Dungeon Crawl Stone Soup version 0.27.0-1-g7a089689b8 (webtiles) character file.

Game seed: 11527663684779491831

608 Ravenswing17 the Skirmisher (level 7, 0/61 HPs)
             Began as a Hill Orc Monk on Aug 15, 2021.
             Slain by an iguana (3 damage)
             ... on level 4 of the Dungeon.
             The game lasted 00:11:53 (4025 turns).

Ravenswing17 the Skirmisher (Hill Orc Monk)         Turns: 4025, Time: 00:11:53

Health: 0/61       AC:  9    Str: 15    XL:     7   Next: 43%
Magic:  2/2        EV:  7    Int:  7    God:
Gold:   117        SH:  0    Dex: 16    Spells: 6/6 levels left

rFire    . . .     SeeInvis .   q - +7 quarterstaff "Trog's Indignation" {antimagic, rC+ Int-3 Dex+2}
rCold    + . .     Faith    .   (shield currently unavailable)
rNeg     . . .     Spirit   .   n - +0 scale mail
rPois    .         Reflect  .   c - +1 helmet
rElec    .         Harm     .   (no cloak)
rCorr    .         Rampage  .   g - +0 pair of gloves
Will     .....                  (no boots)
Stlth    +.........             (no amulet)
HPRegen  0.20/turn              (no ring)
MPRegen  0.08/turn              (no ring)

@: constricted
A: no striking features
a: no special abilities


You were on level 4 of the Dungeon.
You visited 1 branch of the dungeon, and saw 4 of its levels.

You collected 179 gold pieces.
You spent 62 gold pieces at shops.

Inventory:

Hand Weapons
 d - a +0 hunting sling
 j - a +2 whip of flaming
 k - a +2 dagger of draining
 q - the +7 quarterstaff "Trog's Indignation" (weapon) {antimagic, rC+ Int-3 Dex+2}
   (You found it on level 4 of the Dungeon)

   It reduces the magical energy of the wielder, and disrupts the spells and
   magical abilities of those it strikes.
   Natural abilities and divine invocations are not affected.
   Int:       It affects your intelligence (-3).
   Dex:       It affects your dexterity (+2).
   rC:        It protects you from cold.
Missiles
 b - 32 arrows
 e - 4 sling bullets
 f - 111 stones (quivered)
 m - 13 bolts
 t - 2 poisoned darts
Armour
 c - a +1 helmet (worn)
 g - a +0 pair of gloves (worn)
 n - a +0 scale mail (worn)
Wands
 l - a wand of charming (7)
 r - a wand of paralysis (3)
Scrolls
 p - a scroll of amnesia {unknown}
 s - a scroll of teleportation
 u - a scroll of enchant weapon {unknown}
Potions
 a - 2 potions of brilliance {unknown}
 h - 2 potions of attraction {unknown}
 i - a potion of mutation {unknown}
 o - a potion of lignification {unknown}


   Skills:
 + Level 5.2 Fighting
 + Level 1.7 Short Blades
 + Level 4.9 Axes
 + Level 0.4(2.8) Maces & Flails
 + Level 1.3(1.4) Staves
 + Level 4.1 Slings
 + Level 2.4 Armour
 + Level 3.2 Dodging
 + Level 1.8 Stealth


You had 6 spell levels left.
You didn't know any spells.
Your spell library contained the following spells:

 Spells                   Type           Power      Damage    Failure   Level
 Corpse Rot               Necr/Air       N/A        N/A       95%         2
 Poisonous Vapours        Pois/Air       0%         N/A       95%         2
 Gell's Gravitas          Tloc           0%         N/A       99%         3
 Lesser Beckoning         Tloc           0%         N/A       99%         3
 Teleport Other           Tloc           0%         N/A       99%         3
 Freezing Cloud           Conj/Ice/Air   0%         6-21      100%        5
 Simulacrum               Ice/Necr       0%         N/A       100%        6
 Polar Vortex             Ice            0%         N/A       100%        9


Dungeon Overview and Level Annotations

Branches:
Dungeon (4/15)
 Temple: D:4-7

Altars:
Fedhas
Okawaru

Shops:
D:3 :([:(


Message History

You closely miss the centaur.
The centaur is moderately wounded.
The centaur closely misses you. The centaur barely misses you.
The ball python bites you but does no damage.
The ball python misses you.
The centaur hits you but does no damage.
The centaur kicks you.
* * * LOW HITPOINT WARNING * * *
The ball python bites you but does no damage.
The ball python grabs you. The ball python constricts you.
You sock the centaur!
The centaur is almost dead.
The centaur hits you.
* * * LOW HITPOINT WARNING * * *
The centaur kicks you but does no damage.
The ball python barely misses you. The ball python constricts you.
The centaur hits you but does no damage.
The centaur kicks you but does no damage.
You hit the centaur.
You kill the centaur!
The ball python barely misses you. The ball python constricts you.
The ball python bites you but does no damage.
The ball python constricts you.
You hit the iguana.
The iguana is lightly wounded.
The ball python bites you but does no damage.
The ball python constricts you. The iguana bites you!
* * * LOW HITPOINT WARNING * * *
You hit the iguana.
The iguana is lightly wounded.
The ball python bites you.
* * * LOW HITPOINT WARNING * * *
The ball python constricts you. The iguana barely misses you.
The ball python barely misses you. The ball python constricts you.
You barely miss the iguana.
The iguana is lightly wounded.
The iguana barely misses you.
The ball python bites you but does no damage.
The ball python constricts you. The iguana bites you.
You die...

#########....#
#............#
#.############
#.# #.### ##
#...# ..
#.#.##### ..
#....Sg.#
#..##@##....#
#.##.)l# ..#
#.#..##.# #
#.... .(.
#.#.# #.# #.##
... # ..# .#


You could see an iguana, a goblin and a ball python.

Vanquished Creatures
  A necrophage (D:4)
  2 centaurs (D:4)
  A kobold brigand (D:4)
  Jessica (D:2)
  Natasha (thrice) (D:3)
  Terence (D:3)
  4 adders
  4 gnolls (D:3)
  2 dart slugs (D:2)
  An orc (D:3)
  8 ball pythons
  5 bats
  8 endoplasms
  A giant cockroach (D:1)
  16 goblins
  13 hobgoblins
  3 jackals (D:2)
  5 kobolds
  4 quokkas
  5 frilled lizards
  3 rats
91 creatures vanquished.

Notes
Turn   | Place    | Note
-------+----------+-------------------------------------------
     0 | D:1      | Ravenswing17 the Hill Orc Monk began the quest for the Orb.
     0 | D:1      | Reached XP level 1. HP: 19/19 MP: 1/1
   160 | D:1      | Found a faded altar of an unknown god.
   164 | D:1      | Reached XP level 2. HP: 27/27 MP: 2/2
   336 | D:1      | Reached skill level 4 in Fighting
   489 | D:1      | Reached XP level 3. HP: 33/33 MP: 3/3
   723 | D:1      | Reached skill level 1 in Slings
   937 | D:2      | Noticed Jessica
   944 | D:2      | Killed Jessica
   945 | D:2      | Reached XP level 4. HP: 40/40 MP: 4/4
  1881 | D:3      | Reached XP level 5. HP: 46/46 MP: 5/5
  1900 | D:3      | Found Roah's Weapon Shoppe.
  1916 | D:3      | Bought 19 stones for 26 gold pieces
  1916 | D:3      | Bought 13 bolts for 36 gold pieces
  1951 | D:3      | Noticed Natasha
  1965 | D:3      | Killed Natasha
  2192 | D:3      | Reached skill level 1 in Armour
  2452 | D:3      | Noticed Natasha
  2472 | D:3      | Noticed Terence
  2481 | D:3      | Killed Natasha
  2514 | D:3      | Killed Terence
  2515 | D:3      | Reached XP level 6. HP: 21/53 MP: 6/6
  2889 | D:3      | Found Denozibbiu's Book Emporium.
  2962 | D:3      | Found Xirhucwa's Armour Emporium.
  3000 | D:3      | Noticed Natasha
  3015 | D:3      | Killed Natasha
  3016 | D:3      | Reached skill level 1 in Short Blades
  3240 | D:3      | Found Kuas Lou's Antique Weapon Boutique.
  3377 | D:3      | Found Vooffo's Book Shoppe.
  3505 | D:4      | Identified the +7 quarterstaff "Trog's Indignation"
                  | {antimagic, rC+ Int-3 Dex+2}
  3611 | D:4      | Noticed a necrophage
  3615 | D:4      | Found a blossoming altar of Fedhas.
  3615 | D:4      | Found an iron altar of Okawaru.
  3622 | D:4      | Killed a necrophage
  3745 | D:4      | Reached XP level 7. HP: 46/60 MP: 2/7
  4020 | D:4      | Reached skill level 5 in Fighting
  4020 | D:4      | Reached skill level 1 in Staves
  4023 | D:4      | HP: 3/61 [iguana (8)]
  4025 | D:4      | Slain by an iguana

Illustrated notes

Levels and vault maps discovered:
D:1:      kennysheep_arrival_seaside, layout_rooms,
          shapermc_ecumenical_altar_pompeii
D:2:      cheibrodos_greedy_goblins, layout_basic, kennysheep_generic_room_3,
          uniq_jessica
D:3:      layout_loops_ring, serial_shops, shop_statue, shop,
          nicolae_lakefront_shop, shop, shop, uniq_terence, uniq_natasha
D:4:      layout_basic, lemuel_crystal_altar, jmf_multi_god_temple,
          minmay_manual_mares

Skill      XL: |  1  2  3  4  5  6  7 |
---------------+----------------------+-----
Fighting       | 4 5 |  5.2
Slings         | 1 2 3 4 |  4.1
Armour         | 1 2 |  2.4
Dodging        | 3 |  3.2
Short Blades   | 1 |  1.7
Staves         | 1 |  1.3
Axes           | |  4.9
Maces & Flails | |  0.4
Stealth        | |  1.8

Action                   |  1- 3 |  4- 6 |  7- 9 || total
-------------------------+-------+-------+-------++-------
Melee: Hand axe          |    24 |    44 |       ||    68
       Dagger            |       |    82 |       ||    82
       Quarterstaff      |       |    19 |    11 ||    30
       Whip              |       |     1 |       ||     1
 Fire: Hunting sling     |    51 |    81 |     6 ||   138
  Use: Scroll            |     2 |     2 |       ||     4
       Potion            |       |     3 |       ||     3
Armor: Robe              |     3 |    20 |       ||    23
       Ring mail         |       |    20 |       ||    20
       Scale mail        |       |    22 |    19 ||    41
Dodge: Dodged            |    12 |    79 |    17 ||   108
